AoeStats
← Zac

Arena

505363712Analyzed
4v4 RM · 24d ago on Sep 9, 2026· 44m 29s· 8 players
Game mode
Random Map
Map size
Large (8 player)
Population
200
Speed
Normal
Resources
Standard
Victory
Conquest
Starting age
Dark Age
Ending age
Imperial Age
RankedLock teamsTeams togetherTeam positionsShared explorationLock speedFull tech treeHidden civsTurbo modeCheats
Victory
Defeat
🇦🇷 Mongols · Argentina
1275
+14
🇨🇳 Celts · China
1264
+15
🇪🇸 Britons · Spain
1219
+17
🇺🇸 Slavs · United States
1203
+17
🇺🇸 Cumans · United States
1376
-21
🇺🇸 Byzantines · United States
1254
-17
🇺🇸 Spanish · United States
1245
-16
🇺🇸 Mongols · United States
1071
-9
Wired14
8:32 Loom
10:25 Feudal Age
8:41 Loom
8:46 Loom
13:58 Castle Age
13:39 Double-Bit Axe
14:01 Horse Collar
24:05 Heavy Plow
24:18 Bow Saw
25:46 Padded Archer Armor
27:56 Leather Archer Armor
28:45 Husbandry
28:58 Bloodlines
29:06 Fletching
33:01 Elite Skirmisher
42:59 Imperial Age
41:57 Bodkin Arrow
42:48 Thumb Ring
43:19 Ballistics
42:30 Light Cavalry
43:41 Bracer
44:56 Chemistry
44:15 Hussar
gloorfindel
12:46 Feudal Age
11:02 Loom
16:53 Castle Age
15:09 Double-Bit Axe
23:48 Imperial Age
22:10 Bow Saw
21:46 Horse Collar
25:02 Fletching
27:42 Bodkin Arrow
27:47 Padded Archer Armor
28:00 Elite Skirmisher
29:24 Ballistics
29:49 Bracer
31:51 Leather Archer Armor
35:02 Ring Archer Armor
36:14 Pikeman
36:55 Squires
42:44 Chemistry
Zac
10:40 Feudal Age
11:47 Double-Bit Axe
15:31 Horse Collar
16:18 Loom
20:41 Castle Age
19:57 Gold Mining
21:40 Fletching
22:16 Bow Saw
23:03 Bodkin Arrow
25:26 Stone Mining
30:34 Ballistics
33:45 Bloodlines
37:02 Imperial Age
34:38 Padded Archer Armor
35:52 Leather Archer Armor
36:39 Gold Shaft Mining
38:13 Ring Archer Armor
38:48 Chemistry
39:28 Elite Kipchak
BIG Q
9:32 Feudal Age
10:33 Double-Bit Axe
10:32 Man-at-Arms
12:29 Gold Mining
20:08 Wheelbarrow
23:47 Castle Age
24:15 Pikeman
24:56 Squires
25:09 Forging
27:47 Town Watch
30:09 Iron Casting
29:35 Scale Mail Armor
32:05 Chain Mail Armor
32:59 Arson
36:57 Wheelbarrow
38:48 Fletching
Chinball Wizard
10:56 Feudal Age
15:45 Castle Age
14:19 Double-Bit Axe
14:43 Horse Collar
15:50 Gold Mining
21:37 Loom
22:45 Bloodlines
22:35 Husbandry
34:25 Imperial Age
33:09 Scale Barding Armor
33:16 Forging
33:51 Wheelbarrow
34:36 Onager
36:30 Light Cavalry
40:30 Hand Cart
40:58 Gold Shaft Mining
41:31 Hussar
43:16 Chain Barding Armor
44:32 Iron Casting
Fasces
10:53 Feudal Age
9:53 Loom
11:59 Double-Bit Axe
15:00 Castle Age
13:35 Double-Bit Axe
14:38 Horse Collar
17:53 Wheelbarrow
18:43 Bow Saw
19:45 Town Watch
20:16 Heavy Plow
23:30 Ballistics
23:03 Fletching
25:34 Hand Cart
26:48 Bodkin Arrow
27:23 Padded Archer Armor
28:09 Yeomen
32:09 Imperial Age
30:38 Leather Archer Armor
32:53 Bracer
33:24 Ring Archer Armor
33:44 Conscription
33:45 Elite Longbowman
36:41 Town Patrol
38:47 Warwolf
38:53 Warwolf
39:54 Chemistry
40:10 Fortified Wall
44:46 Stone Mining
45:58 Two-Man Saw
Skavio22
10:51 Feudal Age
14:29 Castle Age
12:39 Double-Bit Axe
12:35 Horse Collar
15:44 Bow Saw
17:57 Loom
24:23 Wheelbarrow
25:41 Hand Cart
29:30 Imperial Age
27:16 Stone Mining
27:17 Gold Mining
27:22 Fletching
27:52 Padded Archer Armor
27:58 Husbandry
28:48 Gold Shaft Mining
29:01 Stone Shaft Mining
28:37 Bodkin Arrow
29:09 Ballistics
29:23 Bloodlines
30:02 Leather Archer Armor
29:16 Light Cavalry
29:47 Capped Ram
31:07 Conscription
31:03 Bracer
33:07 Chemistry
32:45 Drill
32:31 Heavy Plow
33:21 Hussar
33:56 Elite Mangudai
34:45 Scale Barding Armor
34:51 Forging
36:36 Siege Ram
38:36 Chain Barding Armor
38:51 Iron Casting
38:58 Thumb Ring
39:19 Parthian Tactics
41:51 Blast Furnace
42:09 Nomads
野象
10:39 Feudal Age
11:15 Loom
14:49 Castle Age
12:43 Horse Collar
15:22 Double-Bit Axe
16:23 Heavy Plow
20:18 Fletching
28:14 Imperial Age
30:05 Heavy Scorpion
Connection lost

Rejoining the realm…

Still unreachable

The connection could not be restored.

Session expired

The server has moved on; the page needs a fresh start.